 Seeded DCSS version 0.30-a0-135-g630cfc4551 (webtiles) character file.

Game seed: 17246712331252751712 (custom seed)

2088 wilfster70 the Geomancer (level 9, 0/45 HPs)
             Began as a Gargoyle Earth Elementalist on Sept 20, 2022.
             Was a Follower of Nemelex Xobeh.
             Slain by Joseph
             ... wielding a +0 quarterstaff
              (10 damage)
             ... on level 7 of the Dungeon.
             The game lasted 00:21:21 (6128 turns).

wilfster70 the Geomancer (GrEE)                     Turns: 6128, Time: 00:21:22

Health: 0/45       AC: 10    Str: 12    XL:     9   Next: 27%
Magic:  18/18      EV: 12    Int: 20    God:    Nemelex Xobeh [*.....]
Gold:   1025       SH:  0    Dex: 14    Spells: 13/20 levels left

rFire   . . .      SeeInvis .    a - +2 dagger (venom)
rCold   + . .      Faith    .    (no shield)
rNeg    + . .      Spirit   .    n - +0 robe
rPois   ∞          Reflect  .    B - +1 hat
rElec   +          Harm     .    (no cloak)
rCorr   +          Rampage  .    s - +0 pair of gloves "Emukocesto" {rC+ rCorr Dex+4}
Will    .....                    (no boots)
Stlth   ++........               r - amulet of the acrobat
HPRegen 0.15/turn                (no ring)
MPRegen 0.16/turn                (no ring)

@: no status effects
A: sickness immunity, AC +6, negative energy resistance 1, electricity
resistance, torment resistance 1, petrification resistance
a: Renounce Religion, Draw Escape, Draw Destruction, Draw Summoning


You were on level 7 of the Dungeon.
You worshipped Nemelex Xobeh.
Nemelex Xobeh was aware of your devotion.
You visited 1 branch of the dungeon, and saw 7 of its levels.
You also visited: Sewer.

You collected 1025 gold pieces.

Inventory:

Hand Weapons
 a - a +2 dagger of venom (weapon)
 b - a +0 sling of flaming
Armour
 n - a +0 robe (worn)
 s - the +0 pair of gloves "Emukocesto" (worn) {rC+ rCorr Dex+4}
   (You acquired it in a sewer)

   Dex:       It affects your dexterity (+4).
   rC:        It protects you from cold.
   rCorr:     It protects you from acid and corrosion.
 B - a +1 hat (worn)
Jewellery
 c - the amulet "Wek Ram" {rElec rN+ Will+ Regen+ SInv}
   (You acquired it on level 1 of the Dungeon)

   [amulet of regeneration]

   rElec:     It insulates you from electricity.
   rN:        It protects you from negative energy.
   SInv:      It lets you see invisible.
   Regen:     It increases your rate of health regeneration.
   Will:      It increases your willpower.
 r - an amulet of the acrobat (around neck)
 C - a ring of fire
Wands
 w - a wand of paralysis (7)
 F - a wand of mindburst (1)
Scrolls
 d - a scroll of blinking {unknown}
 e - 4 scrolls of teleportation {unknown}
 f - 5 scrolls of fog {unknown}
 g - 2 scrolls of summoning
 i - 2 scrolls of poison {unknown}
 j - 2 scrolls of amnesia {unknown}
 o - 2 scrolls of enchant weapon {unknown}
 t - 3 scrolls of magic mapping {unknown}
 y - a scroll of fear {unknown}
 z - a scroll of noise {unknown}
 D - a scroll of silence {unknown}
Potions
 h - 8 potions of curing {unknown}
 k - a potion of cancellation {unknown}
 l - 2 potions of magic
 m - 3 potions of lignification
 p - a potion of flight {unknown}
 q - 2 potions of mutation {unknown}
 u - 3 potions of invisibility
 v - 2 potions of heal wounds
 x - a potion of resistance
 A - 2 potions of might


   Skills:
 - Level 1.5 Dodging
 - Level 2.1 Stealth
 - Level 6.0 Spellcasting
 + Level 6.7 Conjurations
 - Level 0.7 Transmutations
 + Level 1.7 Fire Magic
 + Level 1.3 Air Magic
 - Level 8.0 Earth Magic
 + Level 4.7 Invocations


You had 13 spell levels left.
You knew the following spells:

 Your Spells              Type           Power      Damage    Failure   Level
a - Sandblast             Erth           76%        2d16      1%          1
b - Stone Arrow           Conj/Erth      70%        3d11      1%          3
c - Kindle Blastsparks    Fire/Tloc/Air  20%        2d11      21%         3

Your spell library contained the following spells:

 Spells                   Type           Power      Damage    Failure   Level
 Foxfire                  Conj/Fire      88%        2x1d8     1%          1
 Passwall                 Tmut/Erth      19%        N/A       2%          2
 Beastly Appendage        Tmut           16%        N/A       8%          1
 Wereblood                Tmut           8%         N/A       12%         2
 Blink                    Tloc           12%        N/A       16%         2
 Petrify                  Tmut/Erth      23%        N/A       17%         4
 Flame Wave               Conj/Fire      22%        2d8       19%         4
 Inner Flame              Hex/Fire       9%         N/A       22%         3
 Spider Form              Tmut/Pois      7%         N/A       26%         3
 Lesser Beckoning         Tloc           6%         N/A       30%         3
 Manifold Assault         Tloc           6%         N/A       71%         4


Dungeon Overview and Level Annotations

Branches:
Dungeon (7/15)              Sewer (visited)
 Temple: D:4-7

Altars:
Dithmenos
Gozag
Makhleb
Nemelex Xobeh
Ru
Trog
Wu Jian

Annotations:
D:3 1 exclusion
D:7 Joseph


Innate Abilities, Weirdness & Mutations

You are immune to sickness and miasma.
Your stone body is resilient. (AC +6)
You are immune to poison.
You resist negative energy. (rN+)
You are resistant to electric shocks. (rElec)
You are resistant to unholy torment.
You are immune to petrification.


Message History

You climb downwards.
Level annotation: Joseph Joseph shoots a sling bullet.
The sling bullet hits you!
Joseph shoots a sling bullet.
The sling bullet barely misses you.
There is a stone staircase leading up here.
You draw a card...
You have drawn the Illusion.
Suddenly you stand beside yourself.
Joseph shoots a sling bullet.
The sling bullet closely misses you.
Your +2 dagger of venom stops dripping with poison.
Your +0 sling of flaming bursts into flame!
b - a +0 sling of flaming (weapon)
Your +0 sling of flaming stops flaming.
Your +2 dagger of venom begins to drip with poison!
a - a +2 dagger of venom (weapon)
Wilfster70's illusion casts a spell at Joseph.
The blast of sand hits Joseph!
Joseph unwields a +0 sling.
Joseph wields a +0 quarterstaff.
Joseph hits you with a +0 quarterstaff.
You hit Joseph but do no damage.
Joseph is poisoned.
Joseph is lightly wounded.
Joseph hits you with a +0 quarterstaff.
You hit Joseph but do no damage.
Joseph looks as sick as possible!
Joseph is lightly wounded.
Joseph says, "You will never get the ORB, sorry."
Joseph completely misses you.
Wilfster70's illusion hits Joseph.
You hit Joseph.
Joseph is moderately wounded.
Joseph hits you with a +0 quarterstaff.
Wilfster70's illusion barely misses Joseph.
You barely miss Joseph.
Joseph is moderately wounded.
Joseph says, "It's nothing personal."
Joseph hits you with a +0 quarterstaff!
* * * LOW HITPOINT WARNING * * *
Wilfster70's illusion completely misses Joseph.
You hit Joseph.
Joseph is moderately wounded.
Joseph hits you with a +0 quarterstaff!
You die...
Your body glows slightly and disappears.

######### #......(#######
#.............#
######.......#####.####
#.....................#
#.#.........@@<###..#.#
#.#.##......@### #..#.#
#.#.##.......### #..#.# ##
#.#.###........# #.>#.# #. #.#.#
#..#####.# #..#.# #.
####.#.###..# #.# #..#.# #.
#.......##..#####.###..#.#######.
#.##.#..##..#...........@........
#.##.#..##..#<#######....#######.


You could see Joseph (very poisoned, ally target) and the friendly wilfster70's
illusion (summoned).

Vanquished Creatures
  An acid dragon (D:6)
  A water moccasin (D:7)
  An ice beast (D:6)
  3 black bears
  An orc warrior (D:6)
  2 kobold brigands (Sewer)
  A phantom (D:6)
  2 necrophages (D:5)
  A bullfrog (D:6)
  A scorpion (D:5)
  A howler monkey (D:6)
  7 hounds
  2 jellies (D:6)
  2 orc priests
  A gnoll bouda (D:5)
  4 iguanas
  4 orc wizards
  9 gnolls (D:5)
  3 river rats
  12 adders
  A shadow imp (D:7)
  2 ufetubi
  3 worms
  4 dart slugs
  24 orcs
  6 ball pythons
  4 bats
  6 endoplasms
  8 giant cockroaches
  5 hobgoblins
  3 quokkas
  A frilled lizard (D:2)
  5 goblins
  9 kobolds
  5 rats
145 creatures vanquished.

Notes
Turn   | Place    | Note
-------+----------+-------------------------------------------
     0 | D:1      | wilfster70 the Gargoyle Earth Elementalist began the quest
                  | for the Orb.
     0 | D:1      | Reached XP level 1. HP: 10/10 MP: 3/3
    91 | D:1      | Reached skill level 4 in Earth Magic
   205 | D:1      | Identified a scroll of acquirement
   205 | D:1      | Acquired the amulet "Wek Ram" {rElec rN+ Will+ Regen+ SInv}
   251 | D:1      | Acquired 722 gold pieces
   276 | D:1      | Reached XP level 2. HP: 15/15 MP: 3/5
   893 | D:2      | Reached XP level 3. HP: 19/19 MP: 3/6
  1055 | D:2      | Found a faded altar of an unknown god.
  1477 | D:3      | Reached skill level 5 in Earth Magic
  1483 | D:3      | Reached XP level 4. HP: 18/24 MP: 4/8
  1545 | D:3      | Found a glowing drain.
  1605 | D:3      | Reached XP level 5. HP: 28/28 MP: 3/9
  1626 | Sewer    | Entered a sewer
  1683 | Sewer    | Reached skill level 6 in Earth Magic
  1741 | Sewer    | Acquired the +0 pair of gloves "Emukocesto" {rC+ rCorr
                  | Dex+4}
  1847 | Sewer    | Noticed a kobold brigand
  1859 | Sewer    | Killed a kobold brigand
  1860 | Sewer    | Reached XP level 6. HP: 25/32 MP: 3/11
  2005 | Sewer    | Reached skill level 7 in Earth Magic
  2246 | D:3      | Found a burning altar of Makhleb.
  2258 | D:3      | Found an opulent altar of Gozag.
  2432 | D:3      | Found an ornate altar of the Wu Jian Council.
  2938 | D:4      | Noticed a black bear
  2951 | D:4      | Killed a black bear
  2952 | D:4      | Reached skill level 8 in Earth Magic
  2952 | D:4      | Reached XP level 7. HP: 36/36 MP: 9/13
  3116 | D:4      | Found a sacrificial altar of Ru.
  3249 | D:4      | Found a bloodstained altar of Trog.
  3478 | D:5      | Entered Level 5 of the Dungeon
  3587 | D:5      | Reached skill level 5 in Spellcasting
  3632 | D:5      | Found a shadowy altar of Dithmenos.
  3714 | D:5      | Learned a level 3 spell: Stone Arrow
  3749 | D:5      | Reached skill level 1 in Conjurations
  3795 | D:5      | Found a sparkling altar of Nemelex Xobeh.
  3827 | D:5      | Became a worshipper of Nemelex Xobeh the Trickster
  3937 | D:5      | Reached skill level 1 in Invocations
  4180 | D:5      | Reached XP level 8. HP: 41/41 MP: 14/16
  4671 | D:6      | Reached skill level 5 in Conjurations
  4924 | D:6      | Reached XP level 9. HP: 45/45 MP: 10/18
  4928 | D:6      | Learned a level 3 spell: Kindle Blastsparks
  5045 | D:6      | Reached * piety under Nemelex Xobeh
  5060 | D:6      | Reached skill level 1 in Fire Magic
  5238 | D:6      | Reached skill level 1 in Air Magic
  5564 | D:7      | Received a gift from Nemelex Xobeh
  5677 | D:7      | Noticed Joseph
  5837 | D:7      | HP: 2/45 [Joseph/sling bullet (10)]
  6128 | D:7      | Slain by Joseph

Illustrated notes

Levels and vault maps discovered:
D:1:      evilmike_arrival_plus, layout_rooms
D:2:      minmay_evil_eye, layout_loops_ring, ebering_ecumenical_altar_box
D:3:      layout_basic, palyth_temple_overflow_mages, nzn_wu_jian_contemplation,
          amethyst_overflow_temple_binary, portal_sewer_entry_c
D:4:      layout_basic, trog_book, nicolae_ru_great_annihilating_truth
D:5:      layout_loops_ring, nicolae_dithmenos_the_darkroom,
          overflow_temple_1_default
D:6:      layout_basic
D:7:      layout_loops_ring, minmay_temple_entry_poolview, uniq_joseph

Skill      XL: |  1  2  3  4  5  6  7  8  9 |
---------------+----------------------------+-----
Earth Magic    | 4 5 6 8 |  8.0
Spellcasting   | 3 4 5 6 |  6.0
Conjurations   | 2 6 |  6.7
Invocations    | 1 4 |  4.7
Fire Magic     | 1 |  1.7
Air Magic      | 1 |  1.3
Dodging        | |  1.5
Stealth        | |  2.1
Transmutations | |  0.7

Action                   |  1- 3 |  4- 6 |  7- 9 || total
-------------------------+-------+-------+-------++-------
Melee: Unarmed           |     5 |       |       ||     5
       Dagger            |       |       |     7 ||     7
 Fire: Sling             |    18 |    60 |    42 ||   120
 Cast: Sandblast         |    34 |    67 |   147 ||   248
       Stone Arrow       |       |       |     5 ||     5
Invok: Draw Summoning    |       |       |     1 ||     1
  Use: Scroll            |     2 |     5 |     3 ||    10
Armor: Robe              |    10 |    44 |    83 ||   137
Dodge: Dodged            |    10 |    81 |   105 ||   196

Table legend: (Time is in decaauts)
 A = Elapsed time spent in this place.
 B = Non-inter-level travel time spent in this place.
 C = Inter-level travel time spent in this place.
 D = Time resting spent in this place.
 E = Time spent auto-exploring this place.
 F = Levels seen in this place.
 G = Mean time per level.
                   A        B        C        D        E       F      G
               +--------+--------+--------+--------+--------+-----+--------+
         Total |   6382 |   6168 |    214 |   1495 |   1793 |   8 |  797.8 |
       Dungeon |   5818 |   5604 |    214 |   1330 |   1722 |   7 |  831.1 |
         Sewer |    563 |    563 |      0 |    165 |     71 |   1 |  563.0 |
               +--------+--------+--------+--------+--------+-----+--------+

Top non-repeatable levels by time:
     D:5: 1215 daAuts
     D:6: 1127 daAuts
     D:3: 1003 daAuts
     D:1: 758 daAuts
     D:2: 712 daAuts
     D:4: 614 daAuts
   Sewer: 563 daAuts
     D:7: 388 daAuts
